Map: 로스트 앤 파운드 - 래더

Players

lIIllllIIlll (INnoVation)

  • Race: Terran Terran
  • League: Master
  • Spawn Location: 7:00

Solar - Winner!

  • Race: Zerg Zerg
  • League: Diamond
  • Spawn Location: 1:00

Event: HomeStory Cup XVII

VOD

Have the link to the VOD?

Description

Time

  • Played on: June 30, 2018, 2:27 p.m.
  • Length: 4:04

All games in this series

Show
View Real Time Build Order
Export as new Build Order

lIIllllIIlll Terran 

Build Orders:  

Get SALT Encoding   

  12  0:01  SCV  
  13  0:13  SCV  
  14  0:17  Supply Depot  
  14  0:25  SCV  
  15  0:40  Barracks  
  15  0:51  Barracks  
  15  1:03  Barracks  
  15  1:07  SCV  
  16  1:19  SCV  
  16  1:27  Marine  
  16  1:32  Orbital Command  
  16  1:45  Marine  
  17  2:01  Bunker  
  17  2:03  Marine  
  17  2:05  Marine  
  19  2:16  Supply Depot  
  19  2:20  Marine x2  
  20  2:23  Marine  
  17  2:38  Marine x2  
  17  2:40  SCV  
  17  2:41  Marine  
  21  2:56  Marine x2, SCV  
  24  2:59  Marine  
  25  3:14  Marine x2  
  25  3:17  Marine  
  28  3:32  Marine  
  22  3:40  Marine  
  22  3:41  Marine  
Show
View Real Time Build Order
Export as new Build Order

Solar Zerg - Winner!

Build Orders: Hatch First 

Get SALT Encoding   

  12  0:01  Drone  
  13  0:12  Overlord  
  13  0:17  Drone  
  14  0:31  Drone x2  
  14  0:35  Drone  
  17  0:50  Hatchery  
  17  0:54  Drone  
  17  0:56  Drone  
  18  1:13  Spawning Pool  
  18  1:17  Drone  
  18  1:22  Drone  
  19  1:38  Overlord  
  18  2:00  Zergling x2  
  18  2:01  Zergling x4  
  21  2:03  Spine Crawler, Zergling x2  
  21  2:07  Queen  
  22  2:14  Zergling x2  
  23  2:18  Zergling x2  
  24  2:25  Zergling x2  
  24  2:32  Zergling x2  
  21  2:47  Queen  
  23  2:53  Drone  
  23  2:58  Zergling x2  
  25  3:00  Zergling x2  
  26  3:06  Zergling x2  
  26  3:10  Zergling x2  
  28  3:16  Zergling x4  
  30  3:20  Zergling x2  
  30  3:22  Zergling x2  
  32  3:27  Zergling x2  
  32  3:31  Zergling x2  
  30  3:45  Zergling x2  
Tags
 
Add a new tag
Caveats
  • Supply blocks, unpowered buildings, or Contaminate may cause inaccurate times.
  • Supply counts are checked every 10 seconds.